 Dungeon Crawl Stone Soup version 0.28-a0-1292-gb4563b27b3 (webtiles) character file.

Game seed: 12323822265623155237

77 Cheeritup the Skirmisher (level 4, -2/40 HPs)
             Began as a Ghoul Monk on Dec 27, 2021.
             Was a Believer of Uskayaw.
             Killed by divine providence
             ... invoked by an orc priest
              (14 damage)
             ... on level 2 of the Dungeon.
             The game lasted 00:06:01 (1913 turns).

Cheeritup the Skirmisher (Ghoul Monk)               Turns: 1913, Time: 00:06:02

Health: -2/40      AC:  2    Str: 14    XL:     4   Next: 33%
Magic:  0/3        EV: 13    Int:  5    God:    Uskayaw [**....]
Gold:   19         SH:  0    Dex: 13    Spells: 3/3 levels left

rFire   . . .      SeeInvis .     - Unarmed
rCold   + + .      Faith    .   (no shield)
rNeg    + + +      Spirit   .   d - +0 robe {rC+}
rPois   ∞          Reflect  .   (no helmet)
rElec   .          Harm     .   (no cloak)
rCorr   .          Rampage  .   (no gloves)
Will    .....                   (no boots)
Stlth   ++........              (no amulet)
HPRegen 0.00/turn               (no ring)
MPRegen 0.08/turn               (no ring)

@: inhibited regen
A: claws 1, cold resistance 1, negative energy resistance 3, inhibited
regeneration, torment resistance 2
a: Renounce Religion, Stomp, Line Pass


You were on level 2 of the Dungeon.
You worshipped Uskayaw.
Uskayaw was noncommittal.
You visited 1 branch of the dungeon, and saw 2 of its levels.

You collected 19 gold pieces.

Inventory:

Armour
 d - a +0 robe of cold resistance (worn)
Scrolls
 a - a scroll of noise {unknown}
 b - a scroll of identify {unknown}
 c - a scroll of immolation {unknown}
 e - a scroll of teleportation {unknown}


   Skills:
 * Level 4.0 Fighting
 - Level 3.2 Dodging
 - Level 3.2 Stealth
 * Level 3.9 Unarmed Combat
 * Level 0.2 Invocations


You had 3 spell levels left.
You didn't know any spells.
Your spell library contained the following spells:

 Spells                   Type           Power      Damage    Failure   Level
 Magic Dart               Conj           0%         1d3       47%         1
 Corpse Rot               Necr/Air       0%         N/A       63%         2
 Dispel Undead            Necr           0%         3d6       99%         4
 Death Channel            Necr           0%         N/A       100%        6


Dungeon Overview and Level Annotations

Branches:
Dungeon (2/15)

Altars:
Uskayaw


Innate Abilities, Weirdness & Mutations

You thrive by killing the living.
You are immune to poison.
You have sharp fingernails.
Your flesh is cold resistant. (rC+)
You are immune to negative energy. (rN+++)
You do not regenerate when monsters are visible.
You are immune to unholy pain and torment.


Message History

Things that are here:
a +0 club; a goblin corpse You closely miss the orc.
The orc priest completely misses you. The orc closely misses you.
You barely miss the orc.
The orc priest mumbles some strange prayers to Beogh against you.
Beogh smites you! The orc closely misses you.
You hear a shout!
You scratch the orc but do no damage. You claw the orc.
The orc is severely wounded.
The orc priest barely misses you.
You stomp with the beat, sending a shockwave through the revellers around you!
You kill the orc!
The orc priest is moderately wounded.
The orc is severely wounded.
You can no longer stomp with the beat.
The orc hits you with a +0 club. The orc priest closely misses you.
You can now stomp with the beat.
Your Fighting skill increases to level 4!
You barely miss the orc.
The orc is severely wounded.
The orc hits you with a +0 club.
The orc priest looks satisfied for a moment.
You scratch the orc.
The orc is severely wounded.
The orc closely misses you.
The orc priest hits you with a +0 flail!
* * * LOW HITPOINT WARNING * * *
The orc priest casts a cantrip, but nothing happens.
You see here 15 gold pieces.
The orc priest looks encouraged for a moment.
You claw the orc!
You kill the orc!
You feel better.
The orc priest looks braver for a moment.
You can now pass through a line of other dancers.
You see here a +0 club.
The orc priest calls down the wrath of Beogh upon you.
Beogh smites you!
You die...

####..........###.....##.........
.†..............#..(..##.........
##)...........#.#.....##.........
...†.†........#.#.....##......###
........#######.......#########
........# ##.##+### ........# #.#
........# #.##.# ...#....# #@.#.#
...#....# ##.#.# ...###### #)#.#
..## #.#.##### ..#
#######o#...... ..# #.......o.#
### #.######..# . #))# ...####..#


You could see 2 orc priests.

Vanquished Creatures
  2 adders (D:2)
  2 worms (D:2)
  A dart slug (D:2)
  2 orcs (D:2)
  3 endoplasms
  A giant cockroach (D:1)
  9 goblins
  5 hobgoblins
  2 jackals (D:1)
  3 kobolds
  A quokka (D:1)
  5 ball pythons
  3 bats
  2 frilled lizards (D:1)
  5 rats
46 creatures vanquished.

Notes
Turn   | Place    | Note
-------+----------+-------------------------------------------
     0 | D:1      | Cheeritup the Ghoul Monk began the quest for the Orb.
     0 | D:1      | Reached XP level 1. HP: 19/19 MP: 0/0
   163 | D:1      | Reached XP level 2. HP: 26/26 MP: 1/1
   772 | D:1      | Reached XP level 3. HP: 28/31 MP: 2/2
   987 | D:1      | Found a faded altar of an unknown god.
   995 | D:1      | Got Plato's Grimoire of Conjuration
  1001 | D:1      | Prayed at the altar of an unknown god.
  1001 | D:1      | Became a worshipper of Uskayaw the Reveller
  1001 | D:1      | Reached * piety under Uskayaw
  1001 | D:1      | Reached ** piety under Uskayaw
  1706 | D:2      | Reached XP level 4. HP: 39/40 MP: 3/3
  1904 | D:2      | Reached skill level 4 in Fighting
  1913 | D:2      | Killed from afar by an orc priest

Illustrated notes

Levels and vault maps discovered:
D:1:      lemuel_arrival_hallway, layout_basic,
          shapermc_ecumenical_altar_rom_forum
D:2:      cheibrodos_pilgrimage, layout_basic

Skill      XL: |  1  2  3  4 |
---------------+-------------+-----
Dodging        | 3 |  3.2
Stealth        | 3 |  3.2
Fighting       | 4 |  4.0
Unarmed Combat | |  3.9
Invocations    | |  0.2

Action                   |  1- 3 |  4- 6 || total
-------------------------+-------+-------++-------
Melee: Unarmed           |   115 |    31 ||   146
       Punch             |     1 |     1 ||     2
Invok: Stomp             |       |     1 ||     1
 Stab: Sleeping          |     2 |       ||     2
Armor: Robe              |    19 |     1 ||    20
Dodge: Dodged            |    57 |    28 ||    85

Table legend: (Time is in decaauts)
 A = Elapsed time spent in this place.
 B = Non-inter-level travel time spent in this place.
 C = Inter-level travel time spent in this place.
 D = Time resting spent in this place.
 E = Time spent auto-exploring this place.
 F = Levels seen in this place.
 G = Mean time per level.
                   A        B        C        D        E       F      G
               +--------+--------+--------+--------+--------+-----+--------+
         Total |   1902 |   1902 |      0 |    205 |    813 |   2 |  951.0 |
       Dungeon |   1902 |   1902 |      0 |    205 |    813 |   2 |  951.0 |
               +--------+--------+--------+--------+--------+-----+--------+

Top non-repeatable levels by time:
     D:1: 1155 daAuts
     D:2: 747 daAuts
